 Dungeon Crawl Stone Soup version 0.20.1-1-g8b1a95d (webtiles) character file.

399 QuCean the Chopper (level 6, -7/53 HPs)
             Began as a Minotaur Fighter on Oct 13, 2017.
             Mangled by a crimson imp
             ... wielding a +1 dagger of chaos
              (12 damage)
             ... on level 3 of the Dungeon.
             The game lasted 00:08:16 (2328 turns).

QuCean the Chopper (Minotaur Fighter)               Turns: 2328, Time: 00:08:16

Health: -7/53      AC:  8    Str: 22    XL:     6   Next: 54%
Magic:  5/5        EV:  8    Int:  5    God:
Gold:   85         SH: 10    Dex: 10    Spells: 5/5 levels left

rFire    . . .     SeeInvis .   a - +0 war axe
rCold    . . .     Gourm    .   c - +0 shield
rNeg     . . .     Faith    .   b - +0 scale mail
rPois    .         Spirit   .   (helmet restricted)
rElec    .         Reflect  .   (no cloak)
rCorr    .         Harm     .   (no gloves)
MR       +....                  h - +0 pair of boots
Stlth    ..........             e - amulet of regeneration
Regen    0.6/turn               i - ring of protection from magic
MPRegen  0.1/turn               (no ring)

@: lethally poisoned (-7 -> -7), slowed, drained, very slow
A: retaliatory headbutt, horns 2
a: no special abilities


You were on level 3 of the Dungeon.
You were not hungry.

You visited 1 branch of the dungeon, and saw 3 of its levels.

You collected 85 gold pieces.

Inventory:

Hand Weapons
 a - a +0 war axe (weapon)
 q - a +0 scythe
Armour
 b - a +0 scale mail (worn)
 c - a +0 shield (worn)
 h - a +0 pair of boots (worn)
Jewellery
 e - an amulet of regeneration (around neck)
 i - a ring of protection from magic (left hand)
 t - an uncursed amulet of regeneration
Wands
 l - a wand of iceblast (7/15)
Scrolls
 k - a scroll of enchant armour
 w - a scroll of fog {unknown}
 x - a scroll of identify
Potions
 d - a potion of might
 f - a potion of invisibility {unknown}
 g - a potion of curing
 j - 2 potions of haste
 m - a potion of lignification {unknown}
 n - a potion of degeneration {unknown}
 p - a potion of ambrosia {unknown}
 u - a potion of heal wounds {unknown}
 z - a potion of brilliance {unknown}
Comestibles
 o - a royal jelly
 r - a bread ration
 s - 2 fruits
 v - a chunk of flesh


   Skills:
 + Level 4.3(4.1) Fighting
 + Level 6.1(5.9) Axes
 + Level 4.9(4.7) Armour
 + Level 1.2(0.9) Dodging
 + Level 0.1(0.0) Stealth
 + Level 5.1(4.9) Shields


You had 5 spell levels left.
You didn't know any spells.

Dungeon Overview and Level Annotations

Branches:
Dungeon (3/15)

Altars:
Hepliaklqana
Uskayaw
Xom


Innate Abilities, Weirdness & Mutations

You reflexively headbutt those who attack you in melee.
You have a pair of horns on your head.


Message History

The crimson imp hits you with a dagger of chaos.
You feel drained. You block the crimson imp's attack.
You closely miss the crimson imp.
You feel sick. The crimson imp barely misses you.
You barely miss the crimson imp.
You feel sick. You block the crimson imp's attack.
You hit the crimson imp.
The crimson imp is lightly wounded.
You feel sick.
The crimson imp hits you with a dagger of chaos.
You feel yourself slow down.
The crimson imp grinds its teeth.
The crimson imp hits you but does no damage.
You are electrocuted!
* * * LOW HITPOINT WARNING * * *
You barely miss the crimson imp. Your headbutt misses the crimson imp.
You feel sick.
The crimson imp hits you but does no damage.
You are electrocuted!
You die...

#.. . #.........# ?.
..#......)..#%.?....
.#
#.#.....<...#.......
.#
#.#.......รท.#........
#
#.#.........#.......%
#..........##........
##..#.....##.........
#..########........ #
#..# ##..@....... #
###.#### #..#5#.#####
# #..>...# #.#.))(# #
#.#^........<#)##
####.#....##...##.#
..#..######..####.#
#.#.## #.# #...# #...#
... ##.### #..## $#
#..#


You could see a crimson imp.

Vanquished Creatures
  Sigmund (D:2)
  2 crimson imps (D:3)
  Ijyb (D:3)
  Jessica (D:3)
  5 adders
  An ooze (D:2)
  2 worms (D:3)
  A dart slug (D:1)
  2 leopard geckos
  6 orcs (D:3)
  6 giant cockroaches
  5 goblins
  7 hobgoblins
  2 jackals (D:1)
  11 kobolds
  2 quokkas
  5 bats
  3 frilled lizards
  4 rats
  A plant (D:1)
68 creatures vanquished.

Notes
Turn   | Place    | Note
-------+----------+-------------------------------------------
     0 | D:1      | QuCean the Minotaur Fighter began the quest for the Orb.
     0 | D:1      | Reached XP level 1. HP: 19/19 MP: 0/0
    57 | D:1      | Reached XP level 2. HP: 27/27 MP: 1/1
   437 | D:1      | Reached XP level 3. HP: 31/33 MP: 2/2
  1080 | D:2      | Reached skill level 3 in Axes
  1282 | D:2      | Noticed Sigmund
  1293 | D:2      | Killed Sigmund
  1293 | D:2      | Reached skill level 5 in Axes
  1293 | D:2      | Reached XP level 4. HP: 37/40 MP: 3/3
  1293 | D:2      | Reached XP level 5. HP: 43/46 MP: 4/4
  1894 | D:3      | Noticed Ijyb
  1918 | D:3      | Killed Ijyb
  1973 | D:3      | Reached XP level 6. HP: 52/52 MP: 5/5
  1977 | D:3      | Found a hazy altar of Hepliaklqana.
  2007 | D:3      | Reached skill level 5 in Shields
  2140 | D:3      | Found a shimmering altar of Xom.
  2196 | D:3      | Noticed Jessica
  2206 | D:3      | Killed Jessica
  2206 | D:3      | Reached skill level 6 in Axes
  2216 | D:3      | Reached skill level 1 in Dodging
  2235 | D:3      | Found a hide-covered altar of Uskayaw.
  2328 | D:3      | Mangled by a crimson imp

Skill      XL: |  1  2  3  4  5  6 |
---------------+-------------------+-----
Shields        | 4 5 |  5.1
Fighting       | 4 |  4.3
Axes           | 5 6 |  6.1
Armour         | 4 |  4.9
Dodging        | 1 |  1.2
Stealth        | |  0.1

Action                   |  1- 3 |  4- 6 || total
-------------------------+-------+-------++-------
Melee: War axe           |    63 |    78 ||   141
       Headbutt          |    12 |    10 ||    22
  Use: Scroll            |     2 |     3 ||     5
  Eat: Bread ration      |     1 |       ||     1
Armor: Scale mail        |    14 |    38 ||    52
Dodge: Dodged            |    25 |    26 ||    51
Block: Shield            |    32 |    42 ||    74
